 Dungeon Crawl Stone Soup version 0.29-a0-451-gfbfa42419e (webtiles) character file.

Game seed: 5157107569153910023

1584 Impy the Quickloader (level 8, -2/74 HPs)
             Began as a Minotaur Hunter on May 19, 2022.
             Was a Follower of Okawaru.
             Succumbed to a kobold brigand's poison
             ... on level 6 of the Dungeon.
             The game lasted 00:10:32 (4223 turns).

Impy the Quickloader (Minotaur Hunter)              Turns: 4223, Time: 00:10:33

Health: -2/74      AC: 20    Str: 17    XL:     8   Next: 61%
Magic:  5/7        EV:  8    Int:  6    God:    Okawaru [*.....]
Gold:   450        SH:  0    Dex: 15    Spells: 7/7 levels left

rFire   . . .      SeeInvis .   a - +1 hand crossbow
rCold   . . .      Faith    .   (no shield)
rNeg    . . .      Spirit   +   g - +7 chain mail "Laampoec" {Will- Slay+6}
rPois   .          Reflect  .   (helmet restricted)
rElec   .          Harm     .   (no cloak)
rCorr   .          Rampage  .   i - +0 pair of gloves
Will    .....                   (no boots)
Stlth   ..........              e - amulet of guardian spirit
HPRegen 0.22/turn               (no ring)
MPRegen 0.10/turn               (no ring)

@: lethally poisoned (-2 -> -23)
A: horns 2, retaliatory headbutt, iridescent scales 1, wild magic 1
a: Renounce Religion, Heroism


You were on level 6 of the Dungeon.
You worshipped Okawaru.
Okawaru was aware of your devotion.
You visited 1 branch of the dungeon, and saw 6 of its levels.

You collected 450 gold pieces.

Inventory:

Hand Weapons
 a - a +1 hand crossbow (weapon)
 l - a +2 whip of electrocution
Armour
 b - a +1 leather armour
 g - the +7 chain mail "Laampoec" (worn) {Will- Slay+6}
   (You found it on level 2 of the Dungeon)

   Slay:      It affects your accuracy & damage with ranged weapons and melee
   (+6).
   Will:      It decreases your willpower.
 i - a +0 pair of gloves (worn)
Jewellery
 e - an amulet of guardian spirit (around neck)
 k - a ring of protection from cold
Wands
 h - a wand of digging (3)
 n - a wand of flame (9)
Scrolls
 c - 3 scrolls of immolation
 m - 4 scrolls of identify
Potions
 d - a potion of brilliance
 j - a potion of might


   Skills:
 + Level 7.9 Fighting
 + Level 8.2 Crossbows
 + Level 7.0 Armour
 - Level 3.0 Dodging
 - Level 0.7 Stealth


You had 7 spell levels left.
You didn't know any spells.
Your spell library contained the following spells:

 Spells                   Type           Power      Damage    Failure   Level
 Freeze                   Ice            0%         1d3       100%        1
 Ensorcelled Hibernation  Hex/Ice        0%         N/A       100%        2
 Passwall                 Tmut/Erth      0%         N/A       100%        2
 Frozen Ramparts          Ice            0%         1d2       100%        3
 Swiftness                Air            0%         N/A       100%        3
 Hailstorm                Conj/Ice       0%         3d3       100%        4


Dungeon Overview and Level Annotations

Branches:
Dungeon (6/15)
 Temple: D:4-7

Altars:
Kikubaaqudgha
Makhleb
Okawaru
Trog
Uskayaw

Annotations:
D:1 2 transporters


Innate Abilities, Weirdness & Mutations

You have a pair of horns on your head.
You reflexively headbutt those who attack you in melee.
You are partially covered in iridescent scales. (AC +2)
Your spells are a little harder to cast, but a little more powerful.


Message History

The kobold brigand hits you but does no damage.
You are more poisoned.
You feel much better.
You feel extremely sick.
The kobold brigand hits you but does no damage.
Shoot: a) +1 hand crossbow
Press: ? - help, Shift-Dir - straight line, f/p - kobold brigand
Aim: a kobold brigand, wielding a +2 dagger of venom and quivering poisoned darts (almost dead, 68% to hit)
You shoot a bolt.
The bolt closely misses the kobold brigand.
* * * LOW HITPOINT WARNING * * *
You feel extremely sick.
The kobold brigand hits you with a +2 dagger of venom.
* * * LOW HITPOINT WARNING * * *
You are more poisoned.
Shoot: a) +1 hand crossbow
Press: ? - help, Shift-Dir - straight line, f/p - kobold brigand
Aim: a kobold brigand, wielding a +2 dagger of venom and quivering poisoned darts (almost dead, 68% to hit)
You shoot a bolt. The bolt hits the kobold brigand.
You kill the kobold brigand!
Okawaru accepts your kill.
* * * LOW HITPOINT WARNING * * *
You feel extremely sick.
Your Armour skill increases to level 7!
There is a lethal amount of poison in your body!
Okay, then.
Okay, then.
Okay, then.
There is a lethal amount of poison in your body!
There is a lethal amount of poison in your body!
There is a lethal amount of poison in your body!
There is a lethal amount of poison in your body!
There is a lethal amount of poison in your body!
There is a lethal amount of poison in your body!
There is a lethal amount of poison in your body!
There is a lethal amount of poison in your body!
There is a lethal amount of poison in your body!
There is a lethal amount of poison in your body!
Okay, then.
You die...

## .## ..# ..# .)# # ..#
#.#####..# #...@.))#
####)#### ##...## ###..)).# .
..#.....# #.########
#.#.....# #........#
#)##..(## #..#####.#
#.####.###########
#..#####.###.##........†....#


There were no monsters in sight!

Vanquished Creatures
  Grinder (D:5)
  A black bear (D:6)
  A sky beast (D:6)
  3 ogres
  2 phantoms (D:4)
  A kobold brigand (D:6)
  A bullfrog (D:6)
  3 scorpions
  A jelly (D:5)
  3 orc priests
  A hound (D:5)
  2 orc wizards (D:3)
  2 iguanas (D:6)
  9 adders
  3 gnolls (D:3)
  A shadow imp (D:6)
  3 white imps
  3 worms
  2 dart slugs
  16 orcs
  7 ball pythons
  3 bats
  6 endoplasms
  2 giant cockroaches
  4 goblins
  10 hobgoblins
  3 jackals (D:2)
  8 quokkas
  12 kobolds
  6 rats
120 creatures vanquished.

Notes
Turn   | Place    | Note
-------+----------+-------------------------------------------
     0 | D:1      | Impy the Minotaur Hunter began the quest for the Orb.
     0 | D:1      | Reached XP level 1. HP: 18/18 MP: 0/0
   122 | D:1      | Reached XP level 2. HP: 25/25 MP: 1/1
   166 | D:1      | Found a faded altar of an unknown god.
   530 | D:2      | Found an ancient bone altar of Kikubaaqudgha.
   630 | D:2      | Reached XP level 3. HP: 31/31 MP: 2/2
   701 | D:2      | Identified the +7 chain mail "Laampoec" {Will- Slay+6}
   974 | D:2      | Gained mutation: You are frail. (-10% HP) [potion of
                  | mutation]
   974 | D:2      | Gained mutation: You are partially covered in iridescent
                  | scales. (AC +2) [potion of mutation]
   974 | D:2      | Lost mutation: You are frail. (-10% HP) [potion of
                  | mutation]
   974 | D:2      | Gained mutation: Your spells are a little harder to cast,
                  | but a little more powerful. [potion of mutation]
  1590 | D:3      | Reached skill level 5 in Crossbows
  1590 | D:3      | Reached skill level 1 in Armour
  1590 | D:3      | Reached XP level 4. HP: 39/40 MP: 3/3
  1648 | D:3      | Reached XP level 5. HP: 46/46 MP: 4/4
  1990 | D:4      | Noticed a phantom
  2000 | D:4      | Killed a phantom
  2001 | D:4      | Reached skill level 5 in Fighting
  2001 | D:4      | Reached XP level 6. HP: 51/56 MP: 5/5
  2295 | D:4      | Reached skill level 6 in Crossbows
  2425 | D:4      | Reached XP level 7. HP: 62/62 MP: 6/6
  2544 | D:4      | Found an iron altar of Okawaru.
  2555 | D:4      | Became a worshipper of Warmaster Okawaru
  2925 | D:5      | Entered Level 5 of the Dungeon
  3071 | D:5      | Found a burning altar of Makhleb.
  3160 | D:5      | Reached skill level 5 in Armour
  3212 | D:5      | Reached skill level 7 in Crossbows
  3337 | D:5      | Found a bloodstained altar of Trog.
  3495 | D:5      | Noticed Grinder
  3500 | D:5      | Killed Grinder
  3501 | D:5      | Reached XP level 8. HP: 73/73 MP: 7/7
  3650 | D:6      | Found a hide-covered altar of Uskayaw.
  3883 | D:6      | Reached * piety under Okawaru
  4187 | D:6      | Reached skill level 8 in Crossbows
  4219 | D:6      | HP: 1/74 [poisoned by a kobold brigand]
  4223 | D:6      | Succumbed to a kobold brigand's poison

Illustrated notes

Levels and vault maps discovered:
D:1:      spicycebolla_arrival_transporter_tutorial, layout_rooms,
          serial_forest, infiniplex_forest_lined_2,
          infiniplex_forest_clump_medium, infiniplex_forest_corner_2,
          infiniplex_forest_lined_2, infiniplex_forest_clump_long,
          infiniplex_forest_clump_small, infiniplex_forest_clump_C,
          ebering_ecumenical_altar_petrified
D:2:      kennysheep_six_static_rooms, layout_basic, basic_altar,
          grunt_decor_clamped, grunt_ministairs_9, dreamdust_wishing_well
D:3:      layout_loops_ring, hangedman_feature_mirror, roderic_lattice_a
D:4:      layout_layer_cave, amcnicky_altar_gilded, grunt_ministairs_9,
          minmay_statues_item
D:5:      layout_rooms, trog_butcher_becter, bloody_makhleb,
          roderic_serpentine_path, uniq_grinder
D:6:      layout_loops_cross, eat_drink_and_be_merry_uskayaw

Skill      XL: |  1  2  3  4  5  6  7  8 |
---------------+-------------------------+-----
Fighting       | 3 4 5 7 |  7.9
Dodging        | 3 |  3.0
Crossbows      | 5 6 7 8 |  8.2
Armour         | 1 2 3 4 5 7 |  7.0
Stealth        | |  0.7

Action                   |  1- 3 |  4- 6 |  7- 9 || total
-------------------------+-------+-------+-------++-------
Melee: Hand crossbow     |       |     4 |       ||     4
       Punch             |       |     1 |       ||     1
 Fire: Hand crossbow     |   107 |    75 |   153 ||   335
  Use: Potion            |     5 |     2 |     3 ||    10
       Scroll            |     4 |     1 |     4 ||     9
Armor: Leather armour    |    11 |       |       ||    11
       Chain mail        |    18 |    38 |    64 ||   120
Dodge: Dodged            |    25 |    16 |    27 ||    68

Table legend: (Time is in decaauts)
 A = Elapsed time spent in this place.
 B = Non-inter-level travel time spent in this place.
 C = Inter-level travel time spent in this place.
 D = Time resting spent in this place.
 E = Time spent auto-exploring this place.
 F = Levels seen in this place.
 G = Mean time per level.
                   A        B        C        D        E       F      G
               +--------+--------+--------+--------+--------+-----+--------+
         Total |   4389 |   4268 |    121 |     42 |   3396 |   6 |  731.5 |
       Dungeon |   4389 |   4268 |    121 |     42 |   3396 |   6 |  731.5 |
               +--------+--------+--------+--------+--------+-----+--------+

Top non-repeatable levels by time:
     D:4: 1030 daAuts
     D:3: 764 daAuts
     D:2: 754 daAuts
     D:5: 733 daAuts
     D:6: 638 daAuts
     D:1: 468 daAuts
